 Dungeon Crawl Stone Soup version 0.25-a0-1024-gbfbf38f2cb (webtiles) character file.

Game seed: 1190857646928187161, levelgen mode: deterministic

5317 zenki the Thaumaturge (level 10, -10/56 HPs)
             Began as a Deep Elf Conjurer on May 12, 2020.
             Was a Priest of Ashenzari.
             Mangled by a centaur warrior (12 damage)
             ... on level 9 of the Dungeon.
             The game lasted 00:25:04 (12475 turns).

zenki the Thaumaturge (Deep Elf Conjurer)          Turns: 12475, Time: 00:25:05

Health: -10/56     AC:  6    Str:  5    XL:     10   Next: 38%
Magic:  22/26      EV: 15    Int: 24    God:    Ashenzari [***...]
Gold:   572        SH:  5    Dex: 15    Spells: 20/29 levels left

rFire    . . .     SeeInvis +   m - +1 rapier (flame)
rCold    . . .     Gourm    .   a - +0 buckler (curse)
rNeg     . . .     Faith    .   u - +2 robe {MR+}
rPois    .         Spirit   .   s - +0 helmet
rElec    .         Reflect  .   (no cloak)
rCorr    .         Harm     .   f - +0 pair of gloves
MR       ++...                  (no boots)
Stlth    ++++......             (no amulet)
HPRegen  0.18/turn              d - ring of stealth
MPRegen  0.20/turn              H - +5 ring of slaying

@: no status effects
A: no striking features
a: Curse Item, Scrying, Renounce Religion


You were on level 9 of the Dungeon.
You worshipped Ashenzari.
Ashenzari was most pleased with you.
You were not hungry.

You visited 1 branch of the dungeon, and saw 9 of its levels.

You collected 572 gold pieces.

Inventory:

Hand Weapons
 e - a +0 dagger
 k - a +0 short sword
 m - a +1 rapier of flaming (weapon)
 J - the cursed +3 long sword of Exchange {vorpal, rN+ Int+4 Dex+3}
   (You took it off a human on level 8 of the Dungeon)

   It inflicts extra damage upon your enemies.
   It affects your intelligence (+4).
   It affects your dexterity (+3).
   It protects you from negative energy.
   It has a curse placed upon it.
Missiles
 b - 223 stones (quivered)
Armour
 a - a cursed +0 buckler (worn)
 f - a +0 pair of gloves (worn)
 n - a cursed +0 kite shield
 q - a +0 leather armour
 s - a +0 helmet (worn)
 u - a +2 robe of magic resistance (worn)
Magical Staves
 C - an uncursed staff of air
Jewellery
 d - a ring of stealth (left hand)
 H - a +5 ring of slaying (right hand)
 I - an uncursed ring of ice
 M - an uncursed amulet of regeneration
Wands
 t - a wand of random effects (13)
 y - a wand of clouds (2)
Scrolls
 p - 4 scrolls of enchant weapon
 r - 4 scrolls of identify {@r1}
 A - 2 scrolls of teleportation
 B - a scroll of remove curse {@r2}
 E - 2 scrolls of amnesia
 G - a scroll of brand weapon
 N - a scroll of enchant armour {unknown}
Potions
 g - 3 potions of invisibility
 h - 8 potions of curing {@q1}
 i - 3 potions of resistance
 j - 2 potions of berserk rage
 l - 4 potions of might
 o - a potion of degeneration {unknown}
 v - a potion of heal wounds
 w - a potion of lignification {unknown}
 x - 2 potions of haste {unknown}
 z - a potion of stabbing {unknown}
 D - a potion of mutation {unknown}
 K - a potion of magic {unknown}
 L - a potion of flight {unknown}
Miscellaneous
 F - a phial of floods (inert)
Comestibles
 c - 18 rations


   Skills:
 + Level 3.3 Fighting
 - Level 5.0 Dodging
 - Level 5.0 Stealth
 - Level 4.1(5.9) Shields
 + Level 10.1 Spellcasting
 + Level 10.1 Conjurations
 - Level 6.0 Translocations
 + Level 3.5 Evocations


You had 20 spell levels left.
You knew the following spells:

 Your Spells              Type           Power        Failure   Level  Hunger
a - Magic Dart            Conj           ####         1%          1    None
b - Blink                 Tloc           N/A          1%          2    None
c - Searing Ray           Conj           ######       1%          2    None
d - Iskenderun's Mystic   Conj/Tloc      ######..     1%          4    #......

Your spell library contained the following spells:

 Spells                   Type           Power        Failure   Level  Hunger
 Conjure Flame            Conj/Fire      #####...     1%          3    None
 Dazzling Flash           Conj/Hex       #####.       1%          3    None
 Mephitic Cloud           Conj/Pois/Air  ####....     3%          3    None
 Corona                   Hex            ##.....      5%          1    None
 Fulminant Prism          Conj/Hex       #####.....   6%          4    #......
 Call Imp                 Summ           ##......     8%          2    None
 Ensorcelled Hibernation  Hex/Ice        ##....       8%          2    None
 Slow                     Hex            ##......     8%          2    None
 Confusing Touch          Hex            ##......     16%         3    None
 Tukima's Dance           Hex            ##......     16%         3    None


Dungeon Overview and Level Annotations

Branches:
Dungeon (9/15)             Temple (0/1) D:7            Lair (0/6) D:8
    Orc: D:9-12

Altars:
Ashenzari
Elyvilon
Gozag
Hepliaklqana
Makhleb
Nemelex Xobeh
Okawaru
Uskayaw
Vehumet
Xom
Zin

Shops:
D:4 =   D:7 }

Annotations:
D:6 5 runed translucent doors, Crazy Yiuf
D:7 exclusion: upstairs


Message History

Confirm with . or Enter, or press ? or * to list all spells.
Aiming: Searing Ray (safe; 1% risk of failure)
Press: ? - help, Shift-Dir - straight line, f/p - centaur warrior
Aim: a centaur warrior, wielding a +0 shortbow and quivering 14 arrows (lightly wounded, fast)
The searing ray hits the centaur warrior!
The centaur warrior is moderately wounded. (Press . to maintain the ray.)
The centaur warrior unwields a +0 shortbow.
The centaur warrior hits you!
* * * LOW HITPOINT WARNING * * *
The searing ray hits the centaur warrior!
The centaur warrior is heavily wounded.
The centaur warrior hits you.
* * * LOW HITPOINT WARNING * * *
The centaur warrior hits you!
* * * LOW HITPOINT WARNING * * *
The searing ray hits the centaur warrior!
The centaur warrior is severely wounded.
The centaur warrior hits you!
You die...

* * ################ ,
...............# , ,
...............# , , ,
...............#. , * *,
......c@†(..(..'.,,,
.....###+#######. , , *
.....##.∆.##.######## , , *
,..................... *, , ,
..................... , *
,..................... ######
,.............##.....# #....#
,,........c....##.....#
#....###########..............


You could see a centaur warrior (fast).

Vanquished Creatures
  A troll (D:6)
  4 humans (D:8)
  A yak (D:6)
  Menkaure (D:4)
  2 wargs (D:8)
  A water moccasin (D:9)
  A sky beast (D:5)
  4 black bears
  5 orc warriors
  A hornet zombie (D:9)
  A phantom (D:4)
  4 ogres
  A centaur (D:4)
  2 big kobolds (D:7)
  8 bullfrogs
  2 scorpions
  4 howler monkeys
  5 crimson imps
  2 centaur zombies
  A bullfrog zombie (D:5)
  2 jellies
  6 hounds
  5 orc priests
  A bullfrog skeleton (D:5)
  A centaur skeleton (D:5)
  Jessica (D:3)
  3 iguanas
  6 worker ants
  9 orc wizards
  A killer bee zombie (D:5)
  A hound skeleton (D:7)
  A worker ant zombie (D:8)
  14 adders
  6 gnolls
  A river rat (D:3)
  2 shadow imps
  2 oozes
  An adder skeleton (D:5)
  3 worms
  A dart slug (D:1)
  3 leopard geckos
  28 orcs
  A ball python (D:3)
  7 bats
  10 giant cockroaches
  10 hobgoblins
  2 jackals (D:1)
  4 quokkas
  3 frilled lizards
  5 goblins
  A jackal skeleton (D:4)
  18 kobolds
  A quokka skeleton (D:4)
  13 rats
224 creatures vanquished.

Vanquished Creatures (others)
  An orc (D:3)
1 creature vanquished.

Grand Total: 225 creatures vanquished

Notes
Turn   | Place    | Note
-------+----------+-------------------------------------------
     0 | D:1      | zenki the Deep Elf Conjurer began the quest for the Orb.
     0 | D:1      | Reached XP level 1. HP: 10/10 MP: 6/6
   395 | D:1      | Reached XP level 2. HP: 15/15 MP: 6/8
   600 | D:1      | Learned a level 2 spell: Searing Ray
   960 | D:2      | Found a shattered altar of Ashenzari.
   961 | D:2      | Found a shimmering altar of Xom.
   962 | D:2      | Found a hide-covered altar of Uskayaw.
   963 | D:2      | Found a hazy altar of Hepliaklqana.
   963 | D:2      | Found a burning altar of Makhleb.
  1024 | D:2      | Found a radiant altar of Vehumet.
  1025 | D:2      | Found an iron altar of Okawaru.
  1027 | D:2      | Became a worshipper of Ashenzari the Shackled
  1041 | D:2      | Reached XP level 3. HP: 7/19 MP: 3/9
  1410 | D:2      | Reached skill level 5 in Conjurations
  1618 | D:2      | Reached XP level 4. HP: 24/24 MP: 6/11
  2005 | D:2      | Found an opulent altar of Gozag.
  2794 | D:3      | Reached XP level 5. HP: 28/28 MP: 11/13
  2811 | D:3      | Noticed Jessica
  2815 | D:3      | Killed Jessica
  3059 | D:3      | Found a white marble altar of Elyvilon.
  3930 | D:4      | Reached XP level 6. HP: 12/32 MP: 0/15
  3936 | D:4      | Learned a level 4 spell: Iskenderun's Mystic Blast
  4099 | D:4      | Reached skill level 5 in Spellcasting
  4619 | D:4      | Reached XP level 7. HP: 36/36 MP: 13/17
  4621 | D:4      | Reached skill level 5 in Stealth
  4714 | D:4      | Found Teivenn's Jewellery Shop.
  4836 | D:4      | Reached * piety under Ashenzari
  4948 | D:4      | Noticed Menkaure
  4964 | D:4      | Killed Menkaure
  5131 | D:4      | Reached skill level 5 in Dodging
  5131 | D:4      | Reached skill level 1 in Shields
  5444 | D:4      | Reached skill level 1 in Translocations
  5444 | D:4      | Reached skill level 1 in Evocations
  6089 | D:4      | Reached XP level 8. HP: 41/41 MP: 14/19
  6253 | D:5      | Entered Level 5 of the Dungeon
  7459 | D:5      | Found a sparkling altar of Nemelex Xobeh.
  7670 | D:6      | Upgraded the game from 0.25-a0-1007-g10a8c3caa8 to
                  | 0.25-a0-1024-gbfbf38f2cb
  8091 | D:6      | Noticed a two-headed ogre
  8094 | D:6      | Found a large runed translucent door.
  8094 | D:6      | Found a large runed translucent door.
  8127 | D:6      | Found a large runed translucent door.
  8127 | D:6      | Found a large runed translucent door.
  8137 | D:6      | Reached XP level 9. HP: 45/45 MP: 17/22
  8382 | D:6      | Noticed a troll
  8788 | D:6      | Killed a troll
  8788 | D:6      | Reached skill level 5 in Translocations
  9017 | D:6      | Found a runed translucent door.
  9018 | D:6      | Noticed Crazy Yiuf
  9024 | D:6      | Learned a level 2 spell: Blink
  9157 | D:7      | Reached ** piety under Ashenzari
  9332 | D:7      | Reached skill level 1 in Fighting
  9384 | D:6      | Noticed a rust devil
  9384 | D:6      | Noticed a rust devil
  9577 | D:7      | Found Wuirchaer's Gadget Emporium.
 10085 | D:7      | Found a staircase to the Ecumenical Temple.
 10596 | D:8      | Found a glowing silver altar of Zin.
 10686 | D:8      | Identified the cursed +3 long sword of Exchange {vorpal,
                  | rN+ Int+4 Dex+3}
 10710 | D:8      | Reached XP level 10. HP: 49/53 MP: 0/25
 11086 | D:8      | Found a staircase to the Lair.
 11707 | D:9      | Reached skill level 10 in Conjurations
 11773 | D:9      | Noticed a centaur warrior
 11890 | D:9      | Reached skill level 10 in Spellcasting
 11947 | D:9      | Reached *** piety under Ashenzari
 12474 | D:9      | HP: 1/56 [centaur warrior (13)]
 12475 | D:9      | Mangled by a centaur warrior

Illustrated notes

Levels and vault maps discovered:
D:1:      minmay_arrival_nine_rooms, layout_basic
D:2:      layout_basic, nicolae_gozag_seed_capital, grunt_temple_overflow_open,
          minmay_split_cup_small
D:3:      layout_rooms, nicolae_overflow_crystal_walls, portal_sewer_entry_e,
          first_ration, uniq_jessica
D:4:      black_bear_nest_2, layout_layer_cave, serial_shops, shop_statue,
          uniq_menkaure
D:5:      layout_loops_corners, kennysheep_mini
D:6:      cheibrodos_iron_armory, layout_loops_ring,
          minmay_hollow_rounded_squares, uniq_crazy_yiuf_cottage
D:7:      layout_cave_pools, temple_green, serial_shops, shop
D:8:      layout_rooms, old_standard_altar, erik_lair_orcish_takeover,
          grunt_pizzeria, nicolae_zen_rock_garden, minmay_ruffians
D:9:      layout_gridville

Skill      XL: |  1  2  3  4  5  6  7  8  9 10 |
---------------+-------------------------------+-----
Stealth        | 3 4 5 |  5.0
Dodging        | 3 4 5 |  5.0
Conjurations   | 5 6 7 8 9 10 | 10.1
Spellcasting   | 4 5 6 7 9 10 | 10.1
Shields        | 1 3 4 |  4.1
Translocations | 1 4 6 |  6.0
Evocations     | 1 3 |  3.5
Fighting       | 2 3 |  3.3

Action                   |  1- 3 |  4- 6 |  7- 9 | 10-12 || total
-------------------------+-------+-------+-------+-------++-------
Melee: Rapier            |       |    17 |     4 |     1 ||    22
Throw: Stone             |       |     1 |       |       ||     1
 Cast: Magic Dart        |    36 |    63 |    48 |     7 ||   154
       Searing Ray       |    12 |    40 |    94 |    22 ||   168
       Iskenderun's Myst |       |       |     5 |     3 ||     8
Invok: Curse Item        |       |       |     1 |       ||     1
Evoke: Wand              |       |       |     5 |     8 ||    13
       Phial of floods   |       |       |       |     1 ||     1
  Use: Scroll            |     1 |       |    10 |     1 ||    12
 Stab: Sleeping          |       |     2 |       |       ||     2
  Eat: Ration            |     1 |       |     1 |       ||     2
       Chunk             |       |     7 |    17 |     5 ||    29
Armor: Robe              |     2 |     6 |    23 |     3 ||    34
Dodge: Dodged            |     8 |    32 |    52 |    16 ||   108
Block: Buckler           |       |       |    25 |     5 ||    30

Table legend:
 A = Non-vault XP
 B = Vault XP
 C = Vault XP percentage of total XP
 D = Non-vault monster count
 E = Vault monster count
 F = Vault count percentage of total count
                 A         B        C        D         E       F
            +---------+---------+-------+---------+---------+-------
      Total |    4997 |    2600 |  34.2 |     191 |      33 |  14.7
            +---------+---------+-------+---------+---------+-------
        D:1 |      22 |       0 |   0.0 |      12 |       0 |   0.0
        D:2 |     125 |      17 |  12.0 |      31 |       3 |   8.8
        D:3 |     124 |      62 |  33.3 |      30 |       9 |  23.1
        D:4 |     895 |     296 |  24.9 |      29 |       2 |   6.5
        D:5 |     696 |       0 |   0.0 |      23 |       0 |   0.0
        D:6 |    1070 |     785 |  42.3 |      18 |       7 |  28.0
        D:7 |     720 |       0 |   0.0 |      29 |       0 |   0.0
        D:8 |     436 |    1440 |  76.8 |       6 |      12 |  66.7
        D:9 |     909 |       0 |   0.0 |      13 |       0 |   0.0
            +---------+---------+-------+---------+---------+-------
